 Dungeon Crawl Stone Soup version 0.26.0-16-gc1dbca0489 (webtiles) character file.

Game seed: 17288812940187282870

50 kaeus the Shield-Bearer (level 4, 0/37 HPs)
             Began as a Formicid Fighter on Jan 20, 2021.
             Was an Initiate of Uskayaw.
             Slain by a +0 hand axe (5 damage)
             ... on level 2 of the Dungeon.
             The game lasted 00:02:50 (947 turns).

kaeus the Shield-Bearer (Formicid Fighter)           Turns: 947, Time: 00:02:50

Health: 0/37       AC: 10    Str: 22    XL:     4   Next: 4%
Magic:  4/4        EV:  6    Int:  7    God:    Uskayaw [......]
Gold:   80         SH:  9    Dex: 10    Spells: 3/3 levels left

rFire    . . .     SeeInvis +   a - +0 war axe
rCold    . . .     Faith    .   c - +0 kite shield
rNeg     . . .     Spirit   .   i - +0 chain mail
rPois    .         Reflect  .   (helmet unavailable)
rElec    .         Harm     .   g - +0 cloak
rCorr    .         Rampage  .   (no gloves)
Will     .....                  (no boots)
Stlth    ..........             (no amulet)
HPRegen  0.12/turn              (no ring)
MPRegen  0.09/turn              (no ring)

@: no status effects
A: permanent stasis, dig shafts and tunnels, four strong arms, antennae 3
a: Dig, Shaft Self, Renounce Religion


You were on level 2 of the Dungeon.
You worshipped Uskayaw.
Uskayaw was noncommittal.
You visited 1 branch of the dungeon, and saw 2 of its levels.

You collected 80 gold pieces.

Inventory:

Hand Weapons
 a - a +0 war axe (weapon)
Armour
 c - a +0 kite shield (worn)
 g - a +0 cloak (worn)
 i - a +0 chain mail (worn)
Jewellery
 f - an uncursed ring of wizardry {unknown}
Scrolls
 b - 3 scrolls of amnesia {unknown}
 e - a scroll of enchant armour {unknown}
 h - a scroll of identify {unknown}
 j - a scroll of immolation {unknown}
 l - a scroll of remove curse {unknown}
Potions
 d - a potion of might
 k - a potion of curing {unknown}
 m - a potion of brilliance {unknown}


   Skills:
 + Level 3.8 Fighting
 + Level 2.5 Axes
 + Level 3.8 Armour
 + Level 4.2 Shields


You had 3 spell levels left.
You didn't know any spells.
Your spell library was empty.

Dungeon Overview and Level Annotations

Branches:
Dungeon (2/15)

Altars:
Uskayaw


Innate Abilities, Weirdness & Mutations

You cannot be hasted, slowed, berserked, paralysed or teleported.
You can dig through walls and to a lower floor.
Your four strong arms can wield two-handed weapons with a shield.
You have a pair of large antennae on your head. (SInv)


Message History

You now have 80 gold pieces (gained 5).
You open the door.
Found a stone staircase leading up.
There is an open door here.
You extend your mandibles.
You dig through the translucent rock wall.
The +0 hand axe hits you but does no damage.
The +0 hand axe hits you.
The +0 hand axe hits you but does no damage.
The +0 hand axe hits you!
You retract your mandibles.
Your shield and chain mail prevent you from hitting the +0 hand axe.
You miss the +0 hand axe.
The +0 hand axe hits you but does no damage.
The +0 hand axe hits you!
The +0 hand axe hits you but does no damage.
The +0 hand axe hits you!
* * * LOW HITPOINT WARNING * * *
You closely miss the +0 hand axe. x2; The +0 hand axe hits you.
You die...

######.............####
#......................
#.....)................
####.....)_....######..†).
.(.............'........##
#######.#####.†########.##
........#...#.............
#######.#((.#.#########.##
#.#@###.# #.## #.......#
#..# ..#.####.....## ##.#
<......'.....# #..
#.#.####.....# ##. ##+##.#
#. ...##.#### ##
#........#### #
#.(.......)<# #


You could see 2 dancing weapons.

Vanquished Creatures
  An adder (D:2)
  4 dart slugs (D:1)
  3 giant cockroaches
  4 goblins
  3 hobgoblins
  A quokka (D:2)
  3 bats
  A frilled lizard (D:2)
  7 kobolds
  5 rats
32 creatures vanquished.

Notes
Turn   | Place    | Note
-------+----------+-------------------------------------------
     0 | D:1      | kaeus the Formicid Fighter began the quest for the Orb.
     0 | D:1      | Reached XP level 1. HP: 18/18 MP: 1/1
    82 | D:1      | Reached XP level 2. HP: 24/24 MP: 2/2
   337 | D:1      | Reached XP level 3. HP: 29/29 MP: 3/3
   377 | D:1      | Reached skill level 4 in Shields
   907 | D:2      | Found a hide-covered altar of Uskayaw.
   907 | D:2      | Noticed a +0 hand axe
   907 | D:2      | Noticed a +0 hand axe
   913 | D:2      | Reached XP level 4. HP: 37/37 MP: 4/4
   929 | D:2      | Became a worshipper of Uskayaw the Reveller
   947 | D:2      | Slain by a +0 hand axe

Illustrated notes

Levels and vault maps discovered:
D:1:      matt_arrival_diagonals, layout_loops_ring
D:2:      layout_basic, dancing_weapons_uskayaw

Skill      XL: |  1  2  3 |
---------------+----------+-----
Shields        | 4 |  4.2
Fighting       | |  3.8
Axes           | |  2.5
Armour         | |  3.8

Action                   |  1- 3 |  4- 6 || total
-------------------------+-------+-------++-------
Melee: War axe           |    91 |     7 ||    98
 Abil: Dig               |       |     1 ||     1
Armor: Scale mail        |    24 |       ||    24
       Chain mail        |    18 |     4 ||    22
Dodge: Dodged            |    23 |     2 ||    25
Block: Kite shield       |    55 |     6 ||    61
